 Dungeon Crawl Stone Soup version 0.31-a0-1589-g8f5e8aebd6 (webtiles) character file.

Game seed: 4729414480599098518

2114 CougarLife the Cleaver (level 9, -1/73 (79) HPs)
             Began as a Minotaur Fighter on Jan 6, 2024.
             Slain by Jeremiah
             ... wielding a +2 trident of draining
              (3 damage)
             ... on level 6 of the Dungeon.
             The game lasted 00:09:23 (5069 turns).

CougarLife the Cleaver (Minotaur Fighter)           Turns: 5069, Time: 00:09:24

HP:   -1/73 (79)    AC: 11    Str: 22    XL:     9   Next: 8%
MP:   8/8           EV:  9    Int:  7    God:
Gold: 269           SH:  5    Dex: 11    Spells: 8/8 levels left

rFire   . . .        a - +0 war axe
rCold   . . .        c - +0 buckler
rNeg    . . .        b - +0 scale mail
rPois   .            (helmet restricted)
rElec   .            f - +0 cloak
rCorr   .            m - +0 pair of gloves
SInv    +            e - +0 pair of boots
Will    .....        (no amulet) Stlth
                     l - ring of see invisible
HPRegen 0.32/turn    (no ring)
MPRegen 0.11/turn

%: no passive effects
@: lethally poisoned (-1 -> -11), studying Maces & Flails, drained
A: horns 2, retaliatory headbutt
a: no special abilities


You were on level 6 of the Dungeon.
You visited 1 branch of the dungeon, and saw 6 of its levels.

You collected 269 gold pieces.

Inventory:

Hand Weapons
 a - a +0 war axe (weapon)
Missiles
 y - 8 poisoned darts (quivered)
Armour
 b - a +0 scale mail (worn)
 c - a +0 buckler (worn)
 e - a +0 pair of boots (worn)
 f - a +0 cloak (worn)
 m - a +0 pair of gloves (worn)
 q - a +0 tower shield
Jewellery
 l - a ring of see invisible (left hand)
Wands
 s - a wand of flame (23)
Scrolls
 i - a scroll of immolation
 j - a scroll of enchant armour
 k - a scroll of revelation {unknown}
 r - a scroll of noise {unknown}
 w - a scroll of enchant weapon {unknown}
Potions
 g - 2 potions of curing
 h - 2 potions of brilliance
 n - a potion of ambrosia {unknown}
 o - a potion of degeneration {unknown}
 p - a potion of cancellation {unknown}
 t - a potion of invisibility {unknown}
 u - a potion of magic {unknown}
 v - a potion of lignification {unknown}
 x - a potion of resistance {unknown}


   Skills:
 + Level 7.2 Fighting
 * Level 11.1 Axes
 - Level 6.0 Armour
 - Level 6.1 Shields


You had 8 spell levels left.
You didn't know any spells.
Your spell library contained the following spells:

 Spells                   Type           Power      Damage    Failure   Level
 Fugue of the Fallen      Necr           0%         N/A       99%         3
 Ozocubu's Armour         Ice            0%         N/A       99%         3
 Tukima's Dance           Hex            0%         N/A       99%         3
 Dimensional Bullseye     Hex/Tloc       0%         N/A       100%        4
 Iskenderun's Mystic Bla  Conj/Tloc      0%         2d3       100%        4
 Manifold Assault         Tloc           0%         N/A       100%        4


Dungeon Overview and Level Annotations

Branches:
Dungeon (6/15)
 Temple: D:4-7

Altars:
Cheibriados
Elyvilon
Xom

Shops:
D:1 *

Annotations:
D:5 2 runed translucent doors, olddryhag's ghost, novice GnGl
D:6 Jeremiah


Innate Abilities, Weirdness & Mutations

You have a pair of horns on your head.
You reflexively headbutt those who attack you in melee.


Message History

You closely miss the butterfly. You miss the butterfly.
You feel very sick.
The butterfly disappears in a burst of colours!
Jeremiah hits you with a +2 trident of draining.
You feel drained.
* * * LOW HITPOINT WARNING * * *
The gnoll sergeant hits you but does no damage.
You hit Jeremiah but do no damage.
Jeremiah is heavily wounded.
You hit the butterfly but do no damage. You hit the butterfly.
You kill the butterfly!
The butterfly disappears in a burst of colours!
You feel sick.
The butterfly disappears in a burst of colours! x3
Jeremiah whispers, "Once you die, everything will be fine.
It promises."
Jeremiah cries, "Fearful master, protect me!"
Something smites you!
* * * LOW HITPOINT WARNING * * *
A gnoll comes into view. It is wielding a +0 whip.
The gnoll sergeant barely misses you.
You closely miss Jeremiah.
Jeremiah is heavily wounded.
You barely miss the butterfly.
* * * LOW HITPOINT WARNING * * *
You feel sick. Jeremiah hits you but does no damage.
You feel drained.
The gnoll sergeant hits you from afar with a +0 spear of venom.
* * * LOW HITPOINT WARNING * * *
You are more poisoned.
You hit Jeremiah but do no damage.
You headbutt Jeremiah, but do no damage.
Jeremiah is heavily wounded.
You slash the butterfly!
You kill the butterfly!
The butterfly disappears in a burst of colours!
* * * LOW HITPOINT WARNING * * *
You feel very sick.
The butterfly disappears in a burst of colours! x2
Jeremiah hits you with a +2 trident of draining.
You die...
Jeremiah asks, "Is it over?
Can I wake up now?" # #.# #. #.# #b###b# # #.....# #b##.b..## #.gb.bb.b #bgFb#

#####..#@#####
#......b.....#
..b>b.b.###.#
...#.##.#
.#.#.##.# #..#
#.#.##.# #..
.#......#
#..##.#...####
#.....#...#


You could see Jeremiah, a gnoll sergeant and a gnoll.

Vanquished Creatures
  Pikel (D:4)
  Sigmund (D:3)
  Eustachio (D:4)
  Duvessa (D:4)
  A black bear (D:4)
  2 ogres
  A lemure (D:4)
  A kobold brigand (D:6)
  2 phantoms (D:5)
  A bullfrog (D:6)
  Dowan (D:4)
  2 bombardier beetles (D:5)
  6 hounds
  2 jellies
  A gnoll bouda (D:4)
  2 sleepcaps
  Jessica (D:2)
  An iguana (D:6)
  2 orc wizards
  Ijyb (D:3)
  Robin (D:3)
  4 gnolls (D:4)
  4 adders
  A shadow imp (D:5)
  2 ribbon worms
  3 dart slugs
  5 orcs
  5 endoplasms
  5 giant cockroaches
  12 goblins
  11 hobgoblins
  5 jackals
  8 kobolds
  2 quokkas
  6 ball pythons
  2 bats
  4 frilled lizards
  5 rats
116 creatures vanquished.

Notes
Turn   | Place    | Note
-------+----------+-------------------------------------------
     0 | D:1      | CougarLife the Minotaur Fighter began the quest for the
                  | Orb.
     0 | D:1      | Reached XP level 1. HP: 19/19 MP: 0/0
   127 | D:1      | Reached XP level 2. HP: 26/26 MP: 1/1
   134 | D:1      | Found Damashiorch's Assorted Antiques.
   750 | D:2      | Reached skill level 3 in Axes
   916 | D:2      | Found a faded altar of an unknown god.
   999 | D:2      | Reached XP level 3. HP: 33/33 MP: 2/2
  1037 | D:2      | Noticed Jessica
  1042 | D:2      | Killed Jessica
  1234 | D:2      | Reached skill level 4 in Axes
  1383 | D:2      | Reached XP level 4. HP: 41/41 MP: 3/3
  1543 | D:3      | Noticed Ijyb
  1548 | D:3      | Paralysed by Ijyb for 3 turns
  1554 | D:3      | Killed Ijyb
  1674 | D:3      | Noticed Robin
  1688 | D:3      | Killed Robin
  1689 | D:3      | Reached skill level 5 in Axes
  1689 | D:3      | Reached XP level 5. HP: 42/47 MP: 4/4
  1865 | D:3      | Found a snail-covered altar of Cheibriados.
  2041 | D:3      | Noticed Sigmund
  2067 | D:3      | Killed Sigmund
  2068 | D:3      | Reached skill level 5 in Fighting
  2068 | D:3      | Reached skill level 6 in Axes
  2068 | D:3      | Reached XP level 6. HP: 51/56 MP: 5/5
  2370 | D:4      | Reached skill level 7 in Axes
  2454 | D:4      | Noticed Pikel
  2468 | D:4      | Killed Pikel
  2469 | D:4      | Reached skill level 8 in Axes
  2469 | D:4      | Reached skill level 5 in Armour
  2469 | D:4      | Reached skill level 5 in Shields
  2469 | D:4      | Reached XP level 7. HP: 63/63 MP: 6/6
  2501 | D:4      | Noticed Duvessa
  2501 | D:4      | Noticed Dowan
  2519 | D:4      | Killed Duvessa
  2520 | D:4      | Reached XP level 8. HP: 62/70 MP: 7/7
  2527 | D:4      | Killed Dowan
  2758 | D:4      | Noticed Eustachio
  2920 | D:4      | Killed Eustachio
  2921 | D:4      | Reached skill level 9 in Axes
  3039 | D:4      | Found a white marble altar of Elyvilon.
  3043 | D:4      | Found a shimmering altar of Xom.
  3364 | D:5      | Entered Level 5 of the Dungeon
  3869 | D:5      | Found a runed translucent door.
  3872 | D:5      | Noticed olddryhag's ghost (novice GnGl)
  3910 | D:5      | Reached skill level 10 in Axes
  4195 | D:5      | Found a runed translucent door.
  4838 | D:6      | Reached XP level 9. HP: 16/79 MP: 8/8
  4839 | D:6      | Reached skill level 11 in Axes
  5051 | D:6      | Noticed Jeremiah
  5069 | D:6      | HP: 2/73 [poisoned by a gnoll sergeant]
  5069 | D:6      | Slain by Jeremiah

Illustrated notes

Levels and vault maps discovered:
D:1:      elethiomel_arrival_infinity_welcomes_careful_drivers,
          layout_loops_ring, serial_shops, shop
D:2:      layout_basic, hellmonk_ecumenical_altar_leap_of_faith,
          nicolae_concentric_dashed_squares_mild, uniq_jessica
D:3:      layout_rooms, kennysheep_slug_shrine, minmay_diced_spiral, uniq_ijyb,
          uniq_sigmund, uniq_robin
D:4:      layout_loops_ring, minitemple, uniq_duvessa, uniq_eustachio,
          uniq_pikel
D:5:      layout_loops_corners, ebering_ghost_sewer_f
D:6:      layout_loops_ring, st_stairs_10, uniq_crazy_yiuf_cottage,
          uniq_jeremiah

Skill      XL: |  1  2  3  4  5  6  7  8  9 |
---------------+----------------------------+-----
Armour         | 4 5 6 |  6.0
Shields        | 4 5 6 |  6.1
Axes           | 3 4 5 6 8 10 11 | 11.1
Fighting       | 4 5 6 7 |  7.2

Action                     |  1- 3 |  4- 6 |  7- 9 || total
---------------------------+-------+-------+-------++-------
  Melee: War axe           |    74 |    89 |   169 ||   332
         Headbutt          |     8 |    14 |    35 ||    57
  Evoke: Wand              |       |     4 |     8 ||    12
    Use: Potion            |       |     1 |       ||     1
         Scroll            |       |       |     5 ||     5
   Stab: Paralysed         |       |    10 |       ||    10
 Armour: Scale mail        |    47 |    66 |   131 ||   244
  Dodge: Dodged            |    33 |    41 |    74 ||   148
  Block: Buckler           |    16 |    13 |    39 ||    68

Table legend: (Time is in decaauts)
 A = Elapsed time spent in this place.
 B = Non-inter-level travel time spent in this place.
 C = Inter-level travel time spent in this place.
 D = Time resting spent in this place.
 E = Time spent auto-exploring this place.
 F = Levels seen in this place.
 G = Mean time per level.
                   A        B        C        D        E       F      G
               +--------+--------+--------+--------+--------+-----+--------+
         Total |   5129 |   4835 |    294 |    477 |   3445 |   6 |  854.8 |
       Dungeon |   5129 |   4835 |    294 |    477 |   3445 |   6 |  854.8 |
               +--------+--------+--------+--------+--------+-----+--------+

Top non-repeatable levels by time:
     D:5: 1241 daAuts
     D:4: 1092 daAuts
     D:2: 820 daAuts
     D:3: 757 daAuts
     D:1: 751 daAuts
     D:6: 465 daAuts
